[Event "ICC tourney 3277 (40 10)"]
[Site "Internet Chess Club"]
[Date "2023.09.09"]
[Round "1"]
[White "Singh, Saharsh:saharshsingh02"]
[Black "VUYYURU, ARYAN:funskilledmagma"]
[Result "1-0"]
[ICCResult "Black checkmated"]
[WhiteElo "1017"]
[BlackElo "1352"]
[Opening "QGD: 4.Bg5 Be7"]
[ECO "D53"]
[NIC "QO.13"]
[Time "11:00:37"]
[PlyCount "61"]
[TimeControl "2400+10"]

1. d4 d5 2. c4 e6 3. Nc3 Nf6 4. Bg5 Be7 5. Nf3 Nc6 6. e3 b6 7. cxd5 exd5 8.
Bb5 Bb7 9. Ne5 Qd6 10. Bf4 Qe6 11. Qa4 O-O 12. Bxc6 Bxc6 13. Qxc6 Qf5 14.
Nxd5 Nxd5 15. Qxd5 Qc2 16. Qb3 Qf5 17. O-O-O Rac8 18. Qc2 c5 19. Qxf5 cxd4+
20. Kb1 dxe3 21. Bxe3 Bf6 22. Nd7 Rfe8 23. Nxf6+ gxf6 24. Qg4+ Kh8 25. Bh6
Rg8 26. Qf4 Rc6 27. Rd6 Rxd6 28. Qxd6 Rg6 29. Qd8+ Rg8 30. Qxf6+ Rg7 31.
Qxg7# {Black checkmated} 1-0

[Event "ICC tourney 3277 (40 10)"]
[Site "Internet Chess Club"]
[Date "2023.09.09"]
[Round "1"]
[White "procopio, Patti:prostripe"]
[Black "PAGAN, ALEXANDER:alexpaganjr"]
[Result "1-0"]
[ICCResult "Black checkmated"]
[WhiteElo "1345"]
[BlackElo "1016"]
[Opening "Queen's pawn, Mason variation"]
[ECO "D00"]
[NIC "QP.08"]
[Time "11:00:38"]
[PlyCount "57"]
[TimeControl "2400+10"]

1. d4 d5 2. Bf4 Nc6 3. Nf3 f6 4. Nbd2 Bf5 5. c3 Qd7 6. Qb3 O-O-O 7. e3 g5 8.
Bg3 Bg7 9. Bb5 a6 10. Bxc6 Qxc6 11. O-O Nh6 12. c4 dxc4 13. Nxc4 Nf7 14.
Rac1 e5 15. Na5 Qb5 16. Qxf7 Qxa5 17. Qxg7 Rhg8 18. Qxf6 Bd3 19. Rfe1 e4 20.
Bxc7 Qxe1+ 21. Nxe1 Rd7 22. Be5+ Rc7 23. Bxc7 Kd7 24. Qd6+ Ke8 25. Qe6+ Kf8
26. Bd6+ Kg7 27. Rc7+ Kh8 28. Be5+ Rg7 29. Bxg7# {Black checkmated} 1-0

[Event "ICC tourney 3277 (40 10)"]
[Site "Internet Chess Club"]
[Date "2023.09.09"]
[Round "1"]
[White "Romanyuk, Nikita:NikitaR"]
[Black "TRIPATHY, SIDDHARTH KESHAV:Sid907"]
[Result "0-1"]
[ICCResult "White checkmated"]
[WhiteElo "1167"]
[BlackElo "1366"]
[Opening "Sicilian: Canal-Sokolsky (Nimzovich-Rossolimo, Moscow) attack"]
[ECO "B51"]
[NIC "SI.01"]
[Time "11:00:38"]
[PlyCount "124"]
[TimeControl "2400+10"]

1. e4 c5 2. Nf3 d6 3. Bb5+ Nc6 4. O-O Bd7 5. Re1 Nf6 6. c3 e6 7. d4 cxd4 8.
Nxd4 Be7 9. h3 O-O 10. Nd2 a6 11. Ba4 Rc8 12. N2f3 Qa5 13. Bg5 Nxd4 14. Bxd7
Nxf3+ 15. Qxf3 Qxg5 16. Bxc8 Rxc8 17. e5 Nd5 18. Qe4 Qxe5 19. Qxe5 dxe5 20.
Rxe5 Bf6 21. Ree1 h6 22. g3 Kh7 23. Rad1 Rc4 24. Re2 Ra4 25. a3 Bxc3 26.
Rxd5 exd5 27. bxc3 Rxa3 28. Rc2 Rb3 29. Kg2 a5 30. Kf3 d4 31. Ke2 dxc3 32.
Kd3 a4 33. Rxc3 Rxc3+ 34. Kxc3 b5 35. Kb4 Kg6 36. f3 Kf5 37. Kc3 Ke5 38. h4
Kd5 39. Kb4 Kd4 40. g4 Ke3 41. g5 hxg5 42. hxg5 Kxf3 43. Kc3 Kg4 44. Kb4
Kxg5 45. Kc3 f5 46. Kc2 f4 47. Kd2 a3 48. Kc2 f3 49. Kb3 f2 50. Kxa3 f1=Q
51. Kb4 Kh4 52. Ka5 g5 53. Kb4 g4 54. Ka3 b4+ 55. Kxb4 g3 56. Kc5 g2 57. Kc6
g1=Q 58. Kd6 Qe3 59. Kd5 Qfd3+ 60. Kc6 Qc1+ 61. Kb6 Qb3+ 62. Ka5 Qca3#
{White checkmated}
0-1

[Event "ICC tourney 3277 (40 10)"]
[Site "Internet Chess Club"]
[Date "2023.09.09"]
[Round "1"]
[White "ANGEL, BORYS:BArkadia"]
[Black "GAW, CHRISTIAN:cman-g"]
[Result "0-1"]
[ICCResult "White resigns"]
[WhiteElo "1360"]
[BlackElo "1135"]
[Opening "Evans gambit"]
[ECO "C52"]
[NIC "IG.05"]
[Time "11:00:39"]
[PlyCount "112"]
[TimeControl "2400+10"]

1. e4 e5 2. Nf3 Nc6 3. Bc4 Bc5 4. b4 Bxb4 5. c3 Ba5 6. O-O Nf6 7. Qb3 O-O 8.
Ng5 Qe7 9. d3 h6 10. Nf3 d6 11. h3 a6 12. Qd1 Be6 13. Bb3 b5 14. Bb2 Rfe8
15. Bc2 Qd7 16. Nbd2 d5 17. d4 dxe4 18. Nxe4 Nxe4 19. Bxe4 exd4 20. Nxd4
Nxd4 21. Bxa8 Rxa8 22. cxd4 Bc4 23. Qf3 Re8 24. Rfd1 Be2 25. Qa3 Bxd1 26.
Rxd1 Re1+ 27. Rxe1 Bxe1 28. Qxa6 Qf5 29. Qa8+ Kh7 30. Qf3 Qxf3 31. gxf3 Kg6
32. Kf1 Bb4 33. Bc1 c6 34. Be3 Kf5 35. Ke2 Ke6 36. Kd3 Kd5 37. h4 h5 38. f4
f5 39. Bc1 Be7 40. f3 Bxh4 41. Be3 Bf6 42. Bf2 h4 43. Be3 h3 44. Bg1 Bxd4
45. Bh2 c5 46. Kc2 b4 47. Kb3 Bf2 48. Kc2 Kd4 49. Kd2 c4 50. Ke2 c3 51. Kd1
Ke3 52. Kc2 Kxf3 53. a3 bxa3 54. Kxc3 a2 55. Kb2 Kg2 56. Kxa2 Kxh2
{White resigns}
0-1

[Event "ICC tourney 3277 (40 10)"]
[Site "Internet Chess Club"]
[Date "2023.09.09"]
[Round "1"]
[White "Bronshtein, Marc:MarcBronshtein"]
[Black "ANGELCHIK, JACOB:t105mm"]
[Result "0-1"]
[ICCResult "White checkmated"]
[WhiteElo "1465"]
[BlackElo "1180"]
[Opening "Benkö gambit"]
[ECO "A57"]
[NIC "BI.46"]
[Time "11:12:51"]
[PlyCount "92"]
[TimeControl "2400+10"]

1. d4 Nf6 2. c4 c5 3. d5 b5 4. Nd2 Bb7 5. e4 Qa5 6. Qc2 a6 7. Nf3 e6 8. Be2
exd5 9. cxd5 Be7 10. O-O O-O 11. b3 Re8 12. Bb2 d6 13. Rfe1 Bd8 14. Bd3 Nbd7
15. h3 Ne5 16. Nxe5 dxe5 17. Nf3 Nd7 18. Bc3 b4 19. Bb2 Rc8 20. Nd2 Qb6 21.
Nc4 Qg6 22. Rad1 Bc7 23. a3 Nb6 24. axb4 cxb4 25. Qd2 Nxc4 26. Bxc4 Bd6 27.
Qe2 Ra8 28. Bc1 Bc8 29. Rd3 f5 30. Kh1 f4 31. Rdd1 Rf8 32. Qf3 Qh6 33. g4
Qh4 34. Bb2 h5 35. Rg1 hxg4 36. Rxg4 Bxg4 37. Qxg4 Qxg4 38. hxg4 f3 39. Kh2
Rf4 40. Kg3 Rxe4 41. Kxf3 Rf4+ 42. Kg3 Raf8 43. Rd2 e4 44. Bd4 Rxf2+ 45. Kh3
Rxd2 46. Be3 Rh2# {White checkmated} 0-1

[Event "ICC tourney 3277 (40 10)"]
[Site "Internet Chess Club"]
[Date "2023.09.09"]
[Round "2"]
[White "WILSON, DARRYL J:Combo4U2"]
[Black "ANGEL, BORYS:BArkadia"]
[Result "0-1"]
[ICCResult "White checkmated"]
[WhiteElo "1201"]
[BlackElo "1360"]
[Opening "Ponziani opening"]
[ECO "C44"]
[NIC "KP.05"]
[Time "13:15:24"]
[PlyCount "52"]
[TimeControl "2400+10"]

1. e4 e5 2. Nf3 Nc6 3. c3 d6 4. d3 Be7 5. Be2 f5 6. Qc2 Nf6 7. O-O f4 8.
Nbd2 O-O 9. a3 h6 10. Nh4 Qe8 11. f3 Qh5 12. g3 Be6 13. Rf2 Nh7 14. Ng2 Ng5
15. g4 Qf7 16. Rf1 h5 17. h4 hxg4 18. hxg5 g3 19. Rd1 Qh5 20. Nf1 Bxg5 21.
d4 Kf7 22. d5 Rh8 23. dxe6+ Ke8 24. Nxg3 fxg3 25. Nh4 Qxh4 26. Bxg5 Qh1#
{White checkmated}
0-1

[Event "ICC tourney 3277 (40 10)"]
[Site "Internet Chess Club"]
[Date "2023.09.09"]
[Round "2"]
[White "VUYYURU, ARYAN:funskilledmagma"]
[Black "Romanyuk, Nikita:NikitaR"]
[Result "1-0"]
[ICCResult "Black checkmated"]
[WhiteElo "1352"]
[BlackElo "1167"]
[Opening "Benko's opening"]
[ECO "A00"]
[NIC "VO.09"]
[Time "13:15:24"]
[PlyCount "135"]
[TimeControl "2400+10"]

1. g3 e5 2. Bg2 Nc6 3. d3 Nf6 4. Nd2 d5 5. e4 dxe4 6. Nxe4 Nxe4 7. Bxe4 f5
8. Bg2 g6 9. Nf3 b6 10. Nxe5 Nxe5 11. Bxa8 Qe7 12. Qe2 Bg7 13. f4 Nd7 14.
Qxe7+ Kxe7 15. O-O Kf7 16. Bd5+ Kf6 17. Re1 Nc5 18. d4 Ne6 19. Bxe6 Bxe6 20.
Be3 Kf7 21. Rad1 Rd8 22. a3 Bf8 23. c3 Bb3 24. Rd2 c5 25. dxc5 Rxd2 26. Bxd2
Bxc5+ 27. Be3 Bd6 28. Kf2 Bc2 29. Bd4 Be4 30. Rd1 Ke6 31. Ke3 Ke7 32. h4 h5
33. b4 Ke6 34. c4 Be7 35. c5 b5 36. Rc1 Kd7 37. c6+ Bxc6 38. Bxa7 Kc7 39.
Bc5 Bxc5+ 40. Rxc5 Kd6 41. Kd4 Bd7 42. Rc1 Be6 43. Rd1 Bd7 44. Kc3+ Kc6 45.
Re1 Kd6 46. Kb3 Be6+ 47. Rxe6+ Kxe6 48. a4 Kd6 49. axb5 Kc7 50. Kc4 Kb6 51.
Kd5 Kxb5 52. Ke6 Kxb4 53. Kf6 Kc4 54. Kxg6 Kd5 55. Kxf5 Kd6 56. Kg5 Ke6 57.
Kxh5 Kf5 58. g4+ Kxf4 59. g5 Kf5 60. Kh6 Kg4 61. g6 Kxh4 62. g7 Kh3 63. g8=Q
Kh2 64. Qg4 Kh1 65. Kg5 Kh2 66. Kf4 Kh1 67. Kf3 Kh2 68. Qg2# {Black
checkmated} 1-0

[Event "ICC tourney 3277 (40 10)"]
[Site "Internet Chess Club"]
[Date "2023.09.09"]
[Round "2"]
[White "PAGAN, ALEXANDER:alexpaganjr"]
[Black "GAW, ZACHARY:zman-g"]
[Result "0-1"]
[ICCResult "White checkmated"]
[WhiteElo "1016"]
[BlackElo "1181"]
[Opening "Four knights: double Ruy Lopez"]
[ECO "C49"]
[NIC "KP.03"]
[Time "13:15:26"]
[PlyCount "72"]
[TimeControl "2400+10"]

1. e4 e5 2. Nf3 Nc6 3. Nc3 Nf6 4. Bb5 Bb4 5. O-O O-O 6. d4 exd4 7. Nxd4 Bxc3
8. bxc3 Nxe4 9. Nxc6 dxc6 10. Bd3 Nxc3 11. Qh5 h6 12. Bxh6 Qd5 13. Bg5 Bf5
14. Be3 Bxd3 15. Qxd5 Nxd5 16. cxd3 Nxe3 17. fxe3 Rad8 18. Rad1 Rfe8 19. e4
Rd4 20. Rf3 Rexe4 21. Rdf1 Re7 22. h3 Red7 23. Re1 Kf8 24. Rfe3 f6 25. Kf2
Rxd3 26. Re8+ Kf7 27. Rb8 b6 28. Ree8 Rd2+ 29. Kf3 R7d3+ 30. Ke4 Rd5 31.
Rf8+ Kg6 32. g4 Re5+ 33. Kf4 Rd4+ 34. Kg3 Re3+ 35. Kh4 Rdd3 36. g5 Re4#
{White checkmated}
0-1

[Event "ICC tourney 3277 (40 10)"]
[Site "Internet Chess Club"]
[Date "2023.09.09"]
[Round "2"]
[White "Chiappetta, Graydon:loopy"]
[Black "Bronshtein, Marc:MarcBronshtein"]
[Result "0-1"]
[ICCResult "White checkmated"]
[WhiteElo "798"]
[BlackElo "1465"]
[Opening "French defense"]
[ECO "C00"]
[NIC "FR.01"]
[Time "13:16:06"]
[PlyCount "120"]
[TimeControl "2400+10"]

1. e4 e6 2. Nf3 d5 3. e5 c5 4. Be2 Nc6 5. c3 Qb6 6. b3 Bd7 7. Bb2 Nh6 8. O-O
Nf5 9. d4 Rc8 10. a4 cxd4 11. cxd4 Be7 12. g3 g5 13. Na3 h5 14. Bc1 g4 15.
Ng5 Ncxd4 16. Bxg4 hxg4 17. Qxg4 Rxc1 18. Rfxc1 Bxg5 19. Rc3 Be7 20. Nb5
Nxb5 21. axb5 Qd4 22. Qxd4 Nxd4 23. Rd3 Nxb5 24. Rd2 Bc6 25. Rda2 Kd7 26. f4
a6 27. h4 Nc3 28. Rc2 Ne4 29. Kg2 Rg8 30. Rxc6 Rxg3+ 31. Kh2 Kxc6 32. h5 Rg8
33. h6 Rh8 34. Rc1+ Kd7 35. b4 Rxh6+ 36. Kg2 Rh4 37. b5 axb5 38. f5 exf5 39.
e6+ fxe6 40. Kf3 Rh3+ 41. Kg2 Rc3 42. Ra1 Kc6 43. Kh2 Bd6+ 44. Kg2 Rg3+ 45.
Kf1 Nd2+ 46. Ke2 Rg2+ 47. Ke3 Bc5+ 48. Kd3 Ne4 49. Ra6+ b6 50. Rxb6+ Kc7 51.
Rc6+ Kd7 52. Rc7+ Kd6 53. Rc6+ Ke5 54. Rxe6+ Kf4 55. Rxe4+ fxe4+ 56. Kc3 d4+
57. Kb3 Rg3+ 58. Kc2 d3+ 59. Kd2 Bb4+ 60. Kd1 Rg1# {White checkmated} 0-1

[Event "ICC tourney 3277 (40 10)"]
[Site "Internet Chess Club"]
[Date "2023.09.09"]
[Round "2"]
[White "Hatherill, Charles W:kingsgambit50"]
[Black "Singh, Saharsh:saharshsingh02"]
[Result "1-0"]
[ICCResult "Black resigns"]
[WhiteElo "1343"]
[BlackElo "1017"]
[Opening "English opening"]
[ECO "A10"]
[NIC "EO.64"]
[Time "13:22:27"]
[PlyCount "103"]
[TimeControl "2400+10"]

1. c4 d5 2. cxd5 Qxd5 3. Nc3 Qa5 4. Qa4+ Qxa4 5. Nxa4 e5 6. e3 a6 7. b3 g6
8. Nf3 Bg7 9. Bb2 Nc6 10. Nc3 Bf5 11. Bc4 Nh6 12. Nd5 O-O-O 13. O-O Rhg8 14.
Nh4 Be6 15. e4 Rge8 16. Nf3 f5 17. d3 fxe4 18. dxe4 Bg4 19. Ng5 Nb8 20. h3
c6 21. Ne3 Bd7 22. Nxh7 Rh8 23. Ng5 b5 24. Be6 Bf6 25. Bxd7+ Nxd7 26. Nf3
Rhe8 27. Rac1 Kb7 28. b4 Nf7 29. Rfd1 Ng5 30. Nxg5 Bxg5 31. Rd6 Bxe3 32.
fxe3 Nb8 33. Rxd8 Rxd8 34. Bxe5 Rd2 35. Ra1 Nd7 36. Bf4 Nf6 37. e5 Nd5 38.
Bg5 Nxb4 39. e6 Nd5 40. Rf1 Kc7 41. e4 Re2 42. exd5 cxd5 43. e7 Kd7 44. Rd1
Re5 45. h4 b4 46. Rf1 d4 47. Rf8 Re1+ 48. Kh2 d3 49. Rd8+ Kc6 50. Rxd3 a5
51. Rd8 a4 52. e8=Q+ {Black resigns} 1-0

[Event "ICC tourney 3277 (40 10)"]
[Site "Internet Chess Club"]
[Date "2023.09.09"]
[Round "2"]
[White "TRIPATHY, SIDDHARTH KESHAV:Sid907"]
[Black "GAW, CHRISTIAN:cman-g"]
[Result "1-0"]
[ICCResult "Black checkmated"]
[WhiteElo "1366"]
[BlackElo "1135"]
[Opening "Queen's bishop game"]
[ECO "D00"]
[NIC "QP.08"]
[Time "13:15:33"]
[PlyCount "113"]
[TimeControl "2400+10"]

1. d4 d5 2. Bf4 Nf6 3. Nf3 Bf5 4. Nc3 e6 5. a3 Bd6 6. Bg3 O-O 7. e3 a6 8. a4
c5 9. Be2 Nc6 10. dxc5 Bxc5 11. O-O Ne4 12. Nxe4 Bxe4 13. c3 Qf6 14. Nd4
Nxd4 15. exd4 Bb6 16. Qd2 Rfe8 17. Qd1 Rac8 18. Qb3 Rc6 19. a5 Bd8 20. Qxb7
e5 21. dxe5 Qe6 22. Bg4 Rc7 23. Qxc7 Bxc7 24. Bxe6 Rxe6 25. f4 Rg6 26. b4
Bd8 27. Rad1 Bh4 28. Kf2 Bxg3+ 29. hxg3 Rc6 30. Rc1 Kf8 31. g4 Ke7 32. g3
Ke6 33. Ke3 g6 34. c4 h6 35. cxd5+ Bxd5 36. Rxc6+ Bxc6 37. Kd4 f5 38. g5 h5
39. Rc1 Bb5 40. Kc5 Kd7 41. Rd1+ Ke7 42. Rd6 Kf7 43. Rf6+ Kg7 44. e6 Kh7 45.
e7 Kg7 46. Rf8 Kh7 47. e8=Q Bxe8 48. Rxe8 Kg7 49. Re6 Kf7 50. Rxa6 Ke7 51.
Rb6 Kf7 52. a6 h4 53. gxh4 Kg7 54. a7 Kf7 55. a8=Q Ke7 56. Qa7+ Kf8 57. Rb8#
{Black checkmated}
1-0

[Event "ICC tourney 3277 (40 10)"]
[Site "Internet Chess Club"]
[Date "2023.09.09"]
[Round "3"]
[White "WILSON, DARRYL J:Combo4U2"]
[Black "Chiappetta, Graydon:loopy"]
[Result "1/2-1/2"]
[ICCResult "Black stalemated"]
[WhiteElo "1201"]
[BlackElo "798"]
[Opening "Ponziani: Romanishin variation"]
[ECO "C44"]
[NIC "KP.05"]
[Time "15:32:01"]
[PlyCount "99"]
[TimeControl "2400+10"]

1. e4 e5 2. Nf3 Nc6 3. c3 Be7 4. d4 exd4 5. cxd4 Bb4+ 6. Nc3 Nf6 7. Bd3 O-O
8. O-O a5 9. e5 Bxc3 10. bxc3 Nd5 11. Bb2 b6 12. Be4 Nde7 13. Ng5 g6 14. Qg4
d5 15. Qh4 h5 16. Bf3 Nf5 17. Qf4 a4 18. Ba3 Nfe7 19. Qf6 Be6 20. Nxe6 fxe6
21. Qxe6+ Kg7 22. Bc1 Nb8 23. Bg5 Nbc6 24. Bf6+ Kh7 25. g4 Qc8 26. Qxc8 Nxc8
27. gxh5 gxh5 28. Bxd5 N8a7 29. Kh1 Rg8 30. Bxg8+ Rxg8 31. Rg1 Rxg1+ 32.
Rxg1 Kh6 33. Rg7 Nc8 34. Rxc7 N8e7 35. Bxe7 Nxe7 36. Rxe7 h4 37. Re6+ Kg5
38. Rxb6 a3 39. e6 Kg4 40. e7 h3 41. e8=Q Kh4 42. Qh8+ Kg4 43. Rg6+ Kf5 44.
Qh5+ Kf4 45. Rg4+ Kf3 46. Qxh3+ Ke2 47. Re4+ Kd2 48. Qe3+ Kc2 49. Qe2+ Kxc3
50. d5 {Black stalemated} 1/2-1/2

[Event "ICC tourney 3277 (40 10)"]
[Site "Internet Chess Club"]
[Date "2023.09.09"]
[Round "3"]
[White "Bronshtein, Marc:MarcBronshtein"]
[Black "GAW, ZACHARY:zman-g"]
[Result "1-0"]
[ICCResult "Black checkmated"]
[WhiteElo "1465"]
[BlackElo "1181"]
[Opening "QGD Slav defense: exchange variation"]
[ECO "D13"]
[NIC "SL.01"]
[Time "15:30:59"]
[PlyCount "83"]
[TimeControl "2400+10"]

1. d4 d5 2. c4 c6 3. cxd5 cxd5 4. Bf4 Nc6 5. Nc3 Nf6 6. Nf3 e6 7. e3 Bd6 8.
Bxd6 Qxd6 9. a3 Bd7 10. Bd3 Rc8 11. O-O O-O 12. Rc1 Rc7 13. Nb5 Qe7 14. Nxc7
a6 15. Qe2 Rc8 16. Nxa6 bxa6 17. Bxa6 Rf8 18. Bb5 Na7 19. Bxd7 Qxd7 20. Rc2
Rc8 21. Rfc1 Rxc2 22. Qxc2 h6 23. Qc7 Qxc7 24. Rxc7 Nb5 25. Rc1 Kh7 26. Ne5
Nd6 27. f3 g6 28. b4 Kg7 29. a4 Nb7 30. a5 Ne8 31. a6 Nd8 32. a7 Nc6 33.
Rxc6 Nc7 34. Rxc7 h5 35. Rxf7+ Kh6 36. a8=Q Kg5 37. Qd8+ Kh6 38. Nxg6 h4 39.
Qh8+ Kg5 40. Qxh4+ Kxg6 41. Qf6+ Kh5 42. Rh7# {Black checkmated} 1-0

[Event "ICC tourney 3277 (40 10)"]
[Site "Internet Chess Club"]
[Date "2023.09.09"]
[Round "3"]
[White "GAW, CHRISTIAN:cman-g"]
[Black "VUYYURU, ARYAN:funskilledmagma"]
[Result "0-1"]
[ICCResult "White checkmated"]
[WhiteElo "1135"]
[BlackElo "1352"]
[Opening "Giuoco Piano"]
[ECO "C50"]
[NIC "IG.02"]
[Time "15:31:29"]
[PlyCount "176"]
[TimeControl "2400+10"]

1. e4 e5 2. Nf3 Nc6 3. Bc4 Bc5 4. O-O d6 5. h3 Nf6 6. Nc3 h6 7. d3 Na5 8.
Bb3 Nxb3 9. axb3 Be6 10. Be3 Bb6 11. d4 exd4 12. Bxd4 Bxd4 13. Nxd4 O-O 14.
Qd3 Re8 15. Nxe6 Rxe6 16. Ra5 a6 17. Re1 Qe7 18. f3 Rd8 19. Nd5 Nxd5 20.
Rxd5 c6 21. Ra5 d5 22. Qe2 Re8 23. Ra4 dxe4 24. Rxe4 Rxe4 25. fxe4 Qc5+ 26.
Kf1 Re6 27. g4 Rf6+ 28. Kg2 Re6 29. Qc4 Qxc4 30. bxc4 Rd6 31. Re2 Kf8 32.
Kf3 Ke7 33. Kf4 Ke6 34. b3 g5+ 35. Ke3 Ke5 36. c3 Rf6 37. Kd3 Rf1 38. b4
Rd1+ 39. Kc2 Rh1 40. Re3 Kf4 41. Kd3 Rd1+ 42. Ke2 Rd7 43. c5 Re7 44. Rf3+
Ke5 45. Ke3 f6 46. Rf5+ Ke6 47. Rf2 Rh7 48. Kf3 h5 49. gxh5 Rxh5 50. Kg3 Ke5
51. Re2 Rh4 52. Rd2 Rxe4 53. Rd7 Re3+ 54. Kg2 Rxc3 55. Rxb7 Rb3 56. Rb6 Kd5
57. Rxa6 Rxb4 58. Ra3 Kxc5 59. Rf3 Rf4 60. Rxf4 gxf4 61. Kf3 Kd5 62. h4 Ke6
63. Kxf4 c5 64. h5 Kf7 65. Kf5 c4 66. Ke4 Kg7 67. Kd4 Kh6 68. Kxc4 Kxh5 69.
Kd3 Kg4 70. Ke2 Kg3 71. Kf1 Kf3 72. Kg1 Ke2 73. Kg2 f5 74. Kg3 Ke3 75. Kg2
f4 76. Kf1 Kf3 77. Kg1 Ke2 78. Kg2 f3+ 79. Kh1 f2 80. Kh2 f1=Q 81. Kg3 Ke3
82. Kh2 Qf8 83. Kg3 Qf5 84. Kh4 Qg6 85. Kh3 Qg5 86. Kh2 Qg4 87. Kh1 Kf2 88.
Kh2 Qh4# {White checkmated} 0-1

[Event "ICC tourney 3277 (40 10)"]
[Site "Internet Chess Club"]
[Date "2023.09.09"]
[Round "3"]
[White "ANGELCHIK, JACOB:t105mm"]
[Black "Hatherill, Charles W:kingsgambit50"]
[Result "1-0"]
[ICCResult "Black checkmated"]
[WhiteElo "1180"]
[BlackElo "1343"]
[Opening "Queen's bishop game"]
[ECO "D02"]
[NIC "QP.08"]
[Time "15:32:00"]
[PlyCount "105"]
[TimeControl "2400+10"]

1. d4 d5 2. Nf3 Nf6 3. Bf4 Bf5 4. e3 e6 5. c4 c6 6. Nc3 Bb4 7. Qb3 Bxc3+ 8.
bxc3 Qc8 9. cxd5 Nxd5 10. Bxb8 Rxb8 11. Nd2 Bg6 12. c4 Nf6 13. Bd3 Qc7 14.
Bxg6 hxg6 15. Nf3 Ng4 16. h3 Qa5+ 17. Nd2 Qb6 18. Qxb6 axb6 19. Rb1 Ra8 20.
Rxb6 Rxa2 21. Rxb7 Ra1+ 22. Rb1 Rxb1+ 23. Nxb1 Nf6 24. Nc3 O-O 25. h4 Rb8
26. Rh3 Rb3 27. e4 Nh5 28. Rf3 Rb4 29. e5 Rxc4 30. Ne2 Kf8 31. g4 c5 32.
gxh5 cxd4 33. hxg6 f5 34. exf6 gxf6 35. Rxf6+ Kg7 36. Rxe6 d3 37. Ng3 Rc2
38. Nf5+ Kf8 39. g7+ Kf7 40. Re7+ Kf6 41. g8=Q Re2+ 42. Rxe2 dxe2 43. Qg5+
Ke6 44. Nd4+ Kd6 45. Qf5 Kc7 46. Qc5+ Kd7 47. Qc6+ Ke7 48. Qe6+ Kd8 49. Qf7
Kc8 50. Nb5 Kd8 51. Qc7+ Ke8 52. Nd6+ Kf8 53. Qf7# {Black checkmated} 1-0

[Event "ICC tourney 3277 (40 10)"]
[Site "Internet Chess Club"]
[Date "2023.09.09"]
[Round "3"]
[White "ANGEL, BORYS:BArkadia"]
[Black "Singh, Saharsh:saharshsingh02"]
[Result "1-0"]
[ICCResult "Black resigns"]
[WhiteElo "1360"]
[BlackElo "1017"]
[Opening "Scandinavian (center counter) defense"]
[ECO "B01"]
[NIC "SD.01"]
[Time "15:30:49"]
[PlyCount "77"]
[TimeControl "2400+10"]

1. e4 d5 2. exd5 Qxd5 3. Nc3 Qa5 4. g3 e5 5. Bg2 Nf6 6. Nge2 Bb4 7. O-O O-O
8. a3 Bd6 9. d3 c6 10. Bd2 Qc7 11. b4 a5 12. b5 a4 13. bxc6 Nxc6 14. Nb5 Qd8
15. Nxd6 Qxd6 16. Nc3 Bg4 17. f3 Qc5+ 18. Kh1 Bh5 19. Qe1 Rfe8 20. g4 Bg6
21. g5 Nh5 22. Be3 Nd4 23. Rf2 b5 24. Ne2 Rad8 25. c3 Bxd3 26. cxd4 exd4 27.
Bd2 f5 28. gxf6 Nxf6 29. Qd1 g5 30. Bb4 Bxe2 31. Bxc5 Bxd1 32. Rxd1 Re3 33.
Rxd4 Rxd4 34. Bxd4 Rxa3 35. Bxf6 h6 36. f4 g4 37. Bd5+ Kf8 38. Rc2 Ke8 39.
Be6 {Black resigns} 1-0

[Event "ICC tourney 3277 (40 10)"]
[Site "Internet Chess Club"]
[Date "2023.09.09"]
[Round "3"]
[White "Romanyuk, Nikita:NikitaR"]
[Black "PAGAN, ALEXANDER:alexpaganjr"]
[Result "1-0"]
[ICCResult "Black checkmated"]
[WhiteElo "1167"]
[BlackElo "1016"]
[Opening "Scotch opening"]
[ECO "C44"]
[NIC "KP.10"]
[Time "15:30:47"]
[PlyCount "129"]
[TimeControl "2400+10"]

1. e4 e5 2. Nf3 Nc6 3. d4 d6 4. dxe5 dxe5 5. Qxd8+ Kxd8 6. Nc3 Bb4 7. Bg5+
f6 8. O-O-O+ Bd7 9. Bd2 Nge7 10. Nd5 Nxd5 11. exd5 Bxd2+ 12. Rxd2 Ne7 13. d6
cxd6 14. Rxd6 Kc7 15. Rd2 Rad8 16. Be2 Bc6 17. Rhd1 Rd7 18. Rxd7+ Bxd7 19.
Nd2 Rd8 20. Nb3 b6 21. c4 Nf5 22. Bg4 Nd4 23. Nxd4 Bxg4 24. Nb5+ Kc8 25.
Rxd8+ Kxd8 26. Nxa7 Be2 27. b3 Kd7 28. Kd2 Bf1 29. g3 Bg2 30. Nb5 g5 31. Nc3
Kc6 32. b4 h5 33. Ke2 f5 34. a4 f4 35. Nd1 g4 36. Nb2 Be4 37. Nd3 Bf3+ 38.
Kd2 Kd6 39. gxf4 exf4 40. Nxf4 Bc6 41. a5 b5 42. cxb5 Bxb5 43. Nxh5 Ke5 44.
Ke3 Kf5 45. Ng3+ Kg5 46. Ne4+ Kh4 47. Kf4 Kh3 48. Nc5 Kxh2 49. Kxg4 Kg2 50.
f4 Kf2 51. a6 Ke3 52. a7 Bc6 53. b5 Bxb5 54. a8=Q Be2+ 55. Kg5 Bf3 56. Qa3+
Kf2 57. Qb2+ Kg3 58. f5 Bd5 59. f6 Kf3 60. Qc3+ Ke2 61. Kf4 Bf7 62. Qc2+ Ke1
63. Ke3 Bh5 64. Qd2+ Kf1 65. Qf2# {Black checkmated} 1-0

[Event "ICC tourney 3277 (40 10)"]
[Site "Internet Chess Club"]
[Date "2023.09.09"]
[Round "4"]
[White "GAW, ZACHARY:zman-g"]
[Black "Chiappetta, Graydon:loopy"]
[Result "1-0"]
[ICCResult "Black checkmated"]
[WhiteElo "1181"]
[BlackElo "798"]
[Opening "Hungarian defense"]
[ECO "C50"]
[NIC "IG.03"]
[Time "17:46:13"]
[PlyCount "147"]
[TimeControl "2400+10"]

1. e4 e5 2. Nf3 Nc6 3. Bc4 Be7 4. Nc3 Nf6 5. d3 O-O 6. O-O a6 7. a3 b5 8.
Ba2 d6 9. h3 Bd7 10. Be3 Qc8 11. Kh2 Rb8 12. Qd2 a5 13. Nd5 Re8 14. Nxe7+
Rxe7 15. Bg5 Nd4 16. Nxd4 exd4 17. Bxf6 gxf6 18. Qh6 Qf8 19. Qxf6 Re5 20. f4
Rh5 21. Rg1 Rh6 22. Qxd4 Qe7 23. Qe3 Qh4 24. Qg3+ Qxg3+ 25. Kxg3 Rg6+ 26.
Kh2 Rf6 27. Rgf1 Kh8 28. e5 dxe5 29. fxe5 Rxf1 30. Rxf1 Be6 31. Bxe6 fxe6
32. Rf7 c5 33. Rc7 b4 34. a4 b3 35. c3 Rf8 36. Rxc5 Rf2 37. Rxa5 Rxb2 38.
Rb5 Rb1 39. a5 b2 40. a6 Ra1 41. Rxb2 Rxa6 42. Rc2 Kg7 43. c4 Kg6 44. c5 Kf5
45. c6 Ra8 46. c7 Rc8 47. d4 Ke4 48. Kg3 Kxd4 49. Kh4 Kxe5 50. Kh5 Kd6 51.
Kg5 Rg8+ 52. Kf6 Rc8 53. Rd2+ Kxc7 54. Rc2+ Kd7 55. Rxc8 Kxc8 56. Kxe6 Kc7
57. Kf7 Kd6 58. Kg7 Ke5 59. Kxh7 Kf4 60. Kg6 Kg3 61. Kg5 Kxg2 62. h4 Kh3 63.
h5 Kg3 64. h6 Kf3 65. h7 Ke3 66. h8=Q Kf3 67. Qe5 Kf2 68. Qe4 Kf1 69. Qc2
Kg1 70. Kg4 Kf1 71. Kf3 Kg1 72. Qf2+ Kh1 73. Qf1+ Kh2 74. Qg2#
{Black checkmated}
1-0

[Event "ICC tourney 3277 (40 10)"]
[Site "Internet Chess Club"]
[Date "2023.09.09"]
[Round "4"]
[White "Singh, Saharsh:saharshsingh02"]
[Black "Romanyuk, Nikita:NikitaR"]
[Result "0-1"]
[ICCResult "White resigns"]
[WhiteElo "1017"]
[BlackElo "1167"]
[Opening "King's Indian: Larsen variation"]
[ECO "E90"]
[NIC "KI.21"]
[Time "17:46:12"]
[PlyCount "74"]
[TimeControl "2400+10"]

1. d4 Nf6 2. c4 g6 3. Nc3 Bg7 4. Nf3 d6 5. e4 O-O 6. Be3 Nc6 7. Qc2 e5 8. d5
Nb8 9. a3 a5 10. Bd3 Nh5 11. Bg5 Bf6 12. h4 Bxg5 13. Nxg5 Nf4 14. O-O h6 15.
Nf3 Bg4 16. Be2 Nxe2+ 17. Nxe2 Bxf3 18. gxf3 Qxh4 19. Ng3 Nd7 20. Rfd1 Qh3
21. Qe2 Nf6 22. Qf1 Qh4 23. a4 Nh5 24. Nxh5 Qxh5 25. Rd3 f5 26. Re1 Rf7 27.
Rc3 Raf8 28. c5 fxe4 29. cxd6 cxd6 30. Ree3 Rxf3 31. Rxf3 Rxf3 32. Rxf3 exf3
33. b4 Qg4+ 34. Kh2 Qg2+ 35. Qxg2 fxg2 36. Kxg2 axb4 37. Kf3 b3 {White
resigns} 0-1